Map: Dusty Gorge

Players

Kyle - Winner!

  • Race: Protoss Protoss
  • Spawn Location: 9:00

PureLegacy - Winner!

  • Race: Terran Terran
  • Spawn Location: 11:00

wwonka

  • Race: Zerg Zerg
  • Spawn Location: 3:00

TiGerG

  • Race: Zerg Zerg
  • League: Master
  • Spawn Location: 5:00

VOD

Have the link to the VOD?

Description

Time

  • Played on: Nov. 21, 2018, 12:40 p.m.
  • Length: 9:33
Show
View Real Time Build Order
Export as new Build Order

Kyle Protoss - Winner!

Build Orders:  

Get SALT Encoding   

  12  0:01  Probe  
  13  0:13  Probe  
  14  0:18  Pylon  
  14  0:25  Probe  
  15  0:35  Assimilator  
  15  0:37  Probe  
  16  0:47  Gateway  
  16  0:49  Probe  
  17  0:57  Probe  
  18  1:05  Probe  
  18  1:06  Pylon  
  19  1:14  Assimilator  
  19  1:15  Probe  
  20  1:23  Probe  
  20  1:32  Probe  
  21  1:33  Forge  
  22  1:42  Cybernetics Core  
  22  1:44  Probe  
  23  1:56  Probe  
  24  2:02  Pylon  
  24  2:08  Probe  
  25  2:15  Photon Cannon  
  25  2:20  Probe  
  26  2:24  Stargate  
  26  2:27  Pylon  
  26  2:32  Probe  
  26  2:34  Protoss Air Weapons Level 1  
  27  2:49  Probe  
  28  3:02  Nexus  
  28  3:03  Void Ray  
  32  3:21  Shield Battery  
  32  3:27  Photon Cannon  
  32  3:37  Photon Cannon  
  32  3:41  Void Ray  
  36  4:00  Photon Cannon  
  36  4:37  Probe  
  36  4:44  Probe  
  38  4:45  Probe  
  35  4:54  Probe, Void Ray  
  35  4:55  Probe, Protoss Air Armor Level 1  
  41  5:02  Probe  
  41  5:06  Stargate  
  42  5:07  Probe  
  42  5:10  Probe, Assimilator  
  42  5:12  Pylon  
  44  5:17  Pylon  
  44  5:19  Probe  
  44  5:20  Assimilator  
  45  5:23  Probe  
  46  5:30  Void Ray  
  46  5:31  Probe  
  46  5:35  Probe  
  52  5:53  Fleet Beacon  
  52  6:32  Void Ray x2  
  60  6:44  Protoss Air Weapons Level 2  
  60  7:25  Carrier x2, Nexus  
  64  7:54  Pylon  
  64  7:58  Pylon  
  64  8:01  Pylon  
  64  8:13  Nexus, Stargate  
  64  8:16  Stargate  
  64  8:17  Pylon  
  64  8:20  Pylon  
  64  8:23  Photon Cannon  
  64  8:28  Photon Cannon  
  70  8:35  Probe, Pylon  
  70  8:38  Photon Cannon  
  71  8:43  Probe  
  72  8:50  Probe  
  72  8:53  Probe  
  74  8:56  Photon Cannon  
  74  8:59  Photon Cannon  
  74  9:02  Probe  
  75  9:05  Probe  
  75  9:07  Shield Battery  
  75  9:09  Pylon  
  76  9:14  Probe  
  83  9:17  Probe  
  84  9:26  Assimilator  
  84  9:29  Pylon  
Show
View Real Time Build Order
Export as new Build Order

PureLegacy Terran - Winner!

Build Orders:  

Get SALT Encoding   

  12  0:06  SCV  
  13  0:18  SCV  
  14  0:24  Supply Depot  
  14  0:30  SCV  
  15  0:37  Refinery  
  15  0:45  SCV  
  15  0:48  Barracks  
  16  0:57  SCV  
  17  1:05  Barracks  
  17  1:18  Barracks  
  17  1:23  SCV  
  18  1:36  Reaper  
  19  1:42  Orbital Command  
  19  1:51  Refinery  
  19  1:53  Reaper  
  20  2:08  Reaper  
  21  2:12  Supply Depot  
  21  2:14  Reaper  
  22  2:15  SCV  
  23  2:33  Reaper, SCV  
  23  2:35  Supply Depot  
  25  2:42  Reaper  
  26  2:45  SCV  
  27  2:57  Reaper  
  28  3:05  Reaper  
  29  3:14  Reaper  
  29  3:15  SCV  
  29  3:18  Command Center  
  31  3:27  SCV  
  31  3:29  Reaper  
  33  3:39  Reaper  
  34  3:53  Reaper, SCV  
  36  3:56  Barracks  
  36  3:57  Supply Depot  
  36  3:58  Barracks  
  36  4:03  Reaper  
  37  4:11  SCV  
  37  4:13  Reaper  
  38  4:23  SCV  
  39  4:25  Reaper  
  40  4:34  SCV  
  40  4:35  Reaper  
  41  4:47  Reaper x3  
  41  4:48  Orbital Command  
  41  4:49  Engineering Bay  
  41  4:51  SCV  
  45  4:54  Refinery x2  
  45  5:03  Reaper  
  46  5:12  Reaper  
  46  5:13  SCV  
  45  5:19  Reaper x2  
  46  5:27  SCV  
  47  5:34  SCV  
  49  5:35  Reaper  
  49  5:38  Terran Infantry Weapons Level 1  
  49  5:40  Reaper  
  49  5:44  SCV  
  49  5:46  Barracks, SCV  
  49  5:47  Reaper, Barracks x2  
  52  5:55  Reaper x2  
  53  6:06  SCV x2  
  53  6:07  Reaper  
  56  6:12  Reaper  
  56  6:13  Supply Depot  
  56  6:18  SCV x2  
  59  6:23  Reaper  
  60  6:27  Reaper  
  60  6:40  Reaper x2  
  60  6:41  Reaper, SCV x2  
  60  6:42  Reaper x2  
  60  6:45  Supply Depot  
  60  6:46  Reaper  
  68  6:48  Supply Depot  
  68  6:56  Reaper  
  68  6:59  Reaper  
  70  7:12  Reaper x2  
  70  7:13  Reaper  
  70  7:15  Supply Depot  
  73  7:16  Reaper  
  73  7:17  Barracks  
  73  7:19  Barracks  
  73  7:21  Reaper  
  75  7:28  Reaper  
  75  7:29  Reaper, SCV  
  79  7:30  SCV  
  78  7:42  Reaper  
  74  7:44  Reaper x2  
  74  7:50  Reaper  
  75  7:51  SCV  
  75  7:52  SCV  
  75  7:55  Reaper, Supply Depot  
  78  7:59  Reaper  
  67  8:20  Reaper x3  
  67  8:25  Reaper x3  
  71  8:31  Reaper  
  71  8:32  Command Center x2  
  72  8:39  Reaper  
  72  8:40  Reaper  
  67  8:59  Reaper x4  
  72  9:04  SCV x2  
Show
View Real Time Build Order
Export as new Build Order

wwonka Zerg 

Build Orders: Pool First 

Get SALT Encoding   

  12  0:01  Drone  
  13  0:15  Drone  
  13  0:18  Overlord  
  14  0:31  Extractor  
  14  0:32  Drone x2, Extractor  
  16  0:44  Spawning Pool  
  15  0:51  Drone  
  15  0:52  Drone  
  17  1:07  Drone, Extractor  
  17  1:22  Drone, Hatchery  
  17  1:25  Drone  
  18  1:33  Drone  
  19  1:40  Queen  
  21  1:47  Overlord  
  22  1:54  Zergling x2  
  22  2:05  Overlord  
  22  2:16  Zergling x2  
  22  2:17  Queen  
  22  2:19  Metabolic Boost  
  25  2:30  Zergling x2  
  25  2:40  Drone  
  25  2:41  Drone  
  25  2:42  Queen  
  29  2:46  Drone x2  
  29  2:48  Drone  
  32  2:51  Drone  
  31  3:07  Roach Warren, Extractor  
  31  3:10  Queen  
  31  3:15  Zergling x4  
  33  3:32  Zergling x12  
  38  3:54  Roach  
  38  3:55  Roach x2  
  43  3:56  Overlord x2  
  43  4:14  Overlord  
  43  4:15  Roach  
  43  4:16  Roach x2  
  49  4:22  Drone  
  50  4:33  Roach x4  
  56  4:55  Drone x3  
  56  4:56  Drone x2  
  56  4:59  Lair  
  61  5:03  Drone x3  
  64  5:15  Drone x2  
  63  5:24  Drone x2  
  63  5:34  Drone x4  
  67  5:38  Extractor x2  
  65  5:44  Drone x2  
  65  5:57  Hatchery  
  65  6:01  Roach x2  
  66  6:07  Queen  
  68  6:13  Evolution Chamber, Overlord  
  68  6:16  Glial Reconstitution  
  67  6:21  Hydralisk Den  
  66  6:30  Overlord x2  
  66  6:31  Queen  
  66  6:36  Spore Crawler  
  65  6:54  Zerg Missile Weapons Level 1  
  65  6:55  Hydralisk x5  
  75  7:02  Roach  
  77  7:09  Spine Crawler  
  76  7:15  Hydralisk  
  76  7:16  Hydralisk  
  76  7:40  Hydralisk x5  
  84  7:50  Hydralisk x2  
  86  7:56  Drone  
  66  8:13  Hydralisk  
  66  8:14  Hydralisk x3  
  56  8:28  Hydralisk x4  
  64  8:38  Spire  
  55  8:49  Hydralisk  
  55  8:50  Hydralisk  
  37  9:06  Hydralisk x2  
  29  9:10  Roach  
Show
View Real Time Build Order
Export as new Build Order

TiGerG Zerg 

Build Orders: Hatch First 

Get SALT Encoding   

  12  0:00  Drone  
  13  0:13  Overlord  
  13  0:18  Drone  
  14  0:23  Extractor  
  14  0:24  Drone  
  15  0:31  Drone  
  15  0:34  Drone  
  17  0:55  Hatchery  
  16  0:58  Drone  
  16  1:01  Drone  
  18  1:12  Extractor  
  18  1:15  Spawning Pool  
  16  1:19  Drone  
  16  1:21  Drone  
  18  1:29  Drone  
  19  1:39  Overlord  
  19  1:51  Drone  
  20  2:03  Queen  
  20  2:07  Queen  
  24  2:09  Zergling x4  
  24  2:12  Drone  
  27  2:15  Metabolic Boost  
  27  2:18  Drone  
  28  2:23  Drone  
  28  2:29  Drone  
  30  2:45  Hatchery  
  30  2:47  Zergling x6  
  32  2:55  Overlord x2  
  32  3:01  Zergling x2  
  34  3:05  Zergling x2  
  34  3:14  Zergling x2  
  34  3:19  Queen  
  35  3:20  Drone x3  
  35  3:21  Drone  
  35  3:22  Drone  
  35  3:25  Drone  
  35  3:26  Drone  
  41  3:30  Zergling x2  
  40  3:39  Zergling x2  
  40  3:41  Zergling x2  
  40  3:48  Zergling x4, Evolution Chamber  
  40  3:53  Zergling x8  
  40  3:54  Zergling x2  
  40  3:55  Zergling x2  
  45  3:59  Zergling x2  
  39  4:06  Zergling x4  
  39  4:09  Zergling x2  
  39  4:10  Queen  
  39  4:16  Zergling x4  
  43  4:22  Spore Crawler  
  41  4:25  Zergling x2  
  41  4:29  Zergling x4  
  41  4:30  Zergling x2  
  42  4:36  Zergling x2  
  33  4:40  Zergling x4  
  30  4:47  Drone  
  30  4:49  Drone  
  30  4:50  Drone x3  
  30  4:51  Drone  
  36  4:58  Lair  
  36  5:00  Drone  
  36  5:06  Drone x2  
  37  5:08  Drone  
  37  5:11  Drone  
  37  5:14  Drone  
  36  5:23  Drone x2  
  36  5:24  Drone x2  
  36  5:26  Drone  
  41  5:29  Drone  
  41  5:34  Extractor  
  41  5:40  Drone x2, Spore Crawler  
  42  5:45  Extractor x2  
  42  5:46  Drone x2  
  42  5:49  Drone  
  43  5:50  Drone  
  43  5:55  Drone x2  
  46  6:02  Hydralisk Den  
  45  6:04  Overlord  
  45  6:10  Zergling x6  
  48  6:15  Drone  
  49  6:24  Zergling x8  
  49  6:25  Zergling x2  
  54  6:28  Zergling x4  
  56  6:33  Overlord  
  56  6:34  Overlord  
  56  6:47  Overlord  
  56  6:48  Overlord  
  56  6:51  Muscular Augments  
  56  6:58  Hydralisk  
  57  7:02  Hydralisk  
  57  7:08  Hydralisk x2  
  57  7:09  Hydralisk  
  57  7:14  Hydralisk  
  64  7:21  Hydralisk x2  
  68  7:25  Hydralisk  
  68  7:30  Drone  
  68  7:36  Hydralisk  
  66  7:41  Hydralisk  
  55  7:44  Hydralisk  
  55  7:48  Hydralisk  
  55  7:52  Drone  
  56  8:06  Hydralisk  
  56  8:07  Hydralisk x2  
  56  8:11  Queen  
  62  8:16  Hydralisk  
  60  8:22  Hydralisk  
  60  8:24  Drone  
  63  8:29  Hydralisk  
  63  8:34  Drone x2  
  67  8:55  Hydralisk  
  66  8:58  Drone  
  67  9:04  Lurker Den  
  67  9:05  Hydralisk, Hatchery  
  67  9:16  Drone  
Tags
 
Add a new tag
Caveats
  • Supply blocks, unpowered buildings, or Contaminate may cause inaccurate times.
  • Supply counts are checked every 10 seconds.